 Dungeon Crawl Stone Soup version 0.29.1-1-gd02db6906a (webtiles) character file.

Game seed: 13197251175987581874

8 Kold the Trooper (level 2, 20/24 HPs)
             Began as a Demonspawn Monk on Oct 19, 2022.
             Quit the game on level 1 of the Dungeon.
             The game lasted 00:00:22 (399 turns).

Kold the Trooper (Demonspawn Monk)                   Turns: 399, Time: 00:00:22

Health: 20/24      AC:  4    Str: 11    XL:     2   Next: 0%
Magic:  2/2        EV: 13    Int: 11    God:
Gold:   0          SH:  0    Dex: 15    Spells: 1/1 levels left

rFire   . . .      SeeInvis .   a - +0 mace
rCold   . . .      Faith    .   (no shield)
rNeg    . . .      Spirit   .   b - +0 robe
rPois   .          Reflect  .   (no helmet)
rElec   .          Harm     .   (no cloak)
rCorr   .          Rampage  .   (no gloves)
Will    .....                   (no boots)
Stlth   ++........              (no amulet)
HPRegen 0.08/turn               (no ring)
MPRegen 0.08/turn               (no ring)

@: no status effects
A: molten scales 1
a: no special abilities


You were on level 1 of the Dungeon.
You visited 1 branch of the dungeon, and saw 1 of its levels.

Inventory:

Hand Weapons
 a - a +0 mace (weapon)
Armour
 b - a +0 robe (worn)
Jewellery
 d - a +6 ring of dexterity
Potions
 c - a potion of ambrosia


   Skills:
 + Level 3.1 Fighting
 + Level 2.8 Maces & Flails
 + Level 2.8 Dodging
 + Level 2.0 Stealth


You had one spell level left.
You didn't know any spells.
Your spell library contained the following spells:

 Spells                   Type           Power      Damage    Failure   Level
 Ensorcelled Hibernation  Hex/Ice        0%         N/A       47%         2
 Spider Form              Tmut/Pois      0%         N/A       71%         3
 Anguish                  Hex/Necr       0%         N/A       98%         4


Dungeon Overview and Level Annotations

Branches:
Dungeon (1/15)

Altars:


Innate Abilities, Weirdness & Mutations

You are partially covered in molten scales. (AC +2)


Message History

A bat is nearby!
A bat is nearby!
You hit the bat.
The bat is heavily wounded.
The bat hits you. x2; The bat misses you.
You closely miss the bat.
The bat is heavily wounded.
The bat completely misses you. The bat barely misses you.
You hit the bat.
You kill the bat!
No target in view!
No target in view!
You see here a bat corpse.
A hobgoblin comes into view.
Found 12 gold pieces.
A hobgoblin is nearby!
The hobgoblin shouts!
You hear a shout!
You hit the hobgoblin.
The hobgoblin is almost dead.
The hobgoblin closely misses you.
You barely miss the hobgoblin.
The hobgoblin is almost dead.
The hobgoblin hits you. The hobgoblin barely misses you.
You sock the hobgoblin!
You kill the hobgoblin!
A bat comes into view.
Your Stealth skill increases to level 2!
Found a whip.
Found a stone staircase leading down.
You hit the bat.
The bat is moderately wounded.
The bat misses you. The bat hits you.
You closely miss the bat.
The bat is moderately wounded.
The bat hits you but does no damage.
You sock the bat!
You kill the bat!
You have reached level 2!
Your demonic ancestry asserts itself...
Molten scales grow over part of your body.
Are you sure you want to abandon this character and quit the game? (Confirm with "yes".)

......# #. .....### ).
#. .....# ... #. #...#
...##.##########...#####
>.................†'....
...................#####
........................
.......@..†.............
..............).#.......
..#.....$########.......
+......# #.......
#......# #.).....
#......# ########
#......## #.###... ..
....


There were no monsters in sight!

Vanquished Creatures
  A dart slug (D:1)
  2 bats (D:1)
  An endoplasm (D:1)
  A hobgoblin (D:1)
  A frilled lizard (D:1)
6 creatures vanquished.

Notes
Turn   | Place    | Note
-------+----------+-------------------------------------------
     0 | D:1      | Kold the Demonspawn Monk began the quest for the Orb.
     0 | D:1      | Reached XP level 1. HP: 18/18 MP: 1/1
   399 | D:1      | Gained mutation: You are partially covered in molten
                  | scales. (AC +2) [demonic ancestry]
   399 | D:1      | Reached XP level 2. HP: 20/24 MP: 2/2
   399 | D:1      | Quit the game

Illustrated notes

Levels and vault maps discovered:
D:1:      minmay_arrival_doors, layout_basic,
          dilly_ecumenical_altar_fadedgnrine, minmay_hexomino_p4

Skill      XL: |  1 |
---------------+----+-----
Stealth        | 2 |  2.0
Fighting       | |  3.1
Maces & Flails | |  2.8
Dodging        | |  2.8

Action                   || total
-------------------------++-------
Melee: Mace              ||    19
Armor: Robe              ||     1
Dodge: Dodged            ||    11
